 Dungeon Crawl Stone Soup version 0.30-a0-322-g102857c98e (webtiles) character file.

Game seed: 3887713556372004616

49 funkygono the Firebug (level 3, 0/19 HPs)
             Began as a Gargoyle Fire Elementalist on Oct 27, 2022.
             Slain by an orc
             ... wielding a +0 hand axe
              (5 damage)
             ... on level 2 of the Dungeon.
             The game lasted 00:01:57 (1541 turns).

funkygono the Firebug (Gargoyle Fire Elementalist)  Turns: 1541, Time: 00:01:57

Health: 0/19       AC:  6    Str: 11    XL:     3   Next: 77%
Magic:  7/7        EV: 12    Int: 17    God:
Gold:   128        SH:  0    Dex: 10    Spells: 1/7 levels left

rFire   . . .      SeeInvis .    e - +0 mace
rCold   + . .      Faith    .    (no shield)
rNeg    + . .      Spirit   .    a - +0 robe
rPois   ∞          Reflect  .    (no helmet)
rElec   +          Harm     .    (no cloak)
rCorr   .          Rampage  .    (no gloves)
Will    .....                    i - +0 pair of boots
Stlth   ++........               m - amulet of magic regeneration
HPRegen 0.23/turn                d - ring of protection from cold
MPRegen 0.50/turn                (no ring)

@: brilliant
A: sickness immunity, AC +3, negative energy resistance 1, electricity
resistance, torment resistance 1, petrification resistance
a: no special abilities


You were on level 2 of the Dungeon.
You visited 1 branch of the dungeon, and saw 2 of its levels.

You collected 128 gold pieces.

Inventory:

Hand Weapons
 e - a +0 mace (weapon)
 g - a +3 long sword of flaming
 k - a +0 whip
Armour
 a - a +0 robe (worn)
 i - a +0 pair of boots (worn)
Jewellery
 d - a ring of protection from cold (left hand)
 m - an amulet of magic regeneration (around neck)
Scrolls
 c - a scroll of vulnerability {unknown}
 h - a scroll of magic mapping {unknown}
 j - a scroll of fog {unknown}
 l - a scroll of identify {unknown}
Potions
 b - a potion of magic
 f - 2 potions of brilliance


   Skills:
 + Level 0.2 Fighting
 + Level 0.2 Maces & Flails
 + Level 1.7 Dodging
 + Level 2.2 Stealth
 * Level 2.7 Spellcasting
 * Level 1.3 Conjurations
 * Level 3.7 Fire Magic


You had one spell level left.
You knew the following spells:

 Your Spells              Type           Power      Damage    Failure   Level
a - Foxfire               Conj/Fire      64%        2x1d7     6%          1
b - Scorch                Fire           44%        2d7       6%          2
c - Kindle Blastsparks    Fire/Tloc/Air  18%        2d11      32%         3

Your spell library contained the following spells:

 Spells                   Type           Power      Damage    Failure   Level
 Slow                     Hex            12%        N/A       19%         1
 Inner Flame              Hex/Fire       13%        N/A       26%         3
 Confusing Touch          Hex            3%         N/A       47%         3
 Vampiric Draining        Necr           3%         2d6       47%         3
 Flame Wave               Conj/Fire      16%        2d7       54%         4


Dungeon Overview and Level Annotations

Branches:
Dungeon (2/15)

Altars:
Fedhas


Innate Abilities, Weirdness & Mutations

You are immune to sickness and miasma.
Your stone body is resilient. (AC +3)
You are immune to poison.
You resist negative energy. (rN+)
You are resistant to electric shocks. (rElec)
You are resistant to unholy torment.
You are immune to petrification.


Message History

Flames lash the orc.
The orc is almost dead.
The orc's fire resistance burns away.
The orc wizard is no longer more vulnerable to fire.
The orc wizard hits you but does no damage.
Your foxfire dissipates!
The orc wizard casts a spell at you.
You are confused.
You're too confused to move!
A ball python comes into view.
The orc priest mumbles some strange prayers to Beogh against you.
Beogh smites you!
You bump into the rock wall.
The orc wizard misses you.
You hit the orc wizard.
The orc wizard is severely wounded.
The orc is no longer more vulnerable to fire.
The orc wizard closely misses you.
Unknown command.
You bump into the rock wall.
You feel less confused. The orc wizard casts a spell at you.
You are confused.
Your magical contamination has completely faded away.
You miss the orc wizard.
The orc wizard is severely wounded.
The orc wizard barely misses you. The orc wizard misses you.
You hit the orc wizard.
You kill the orc wizard!
You bump into the rock wall.
The orc hits you with a +0 hand axe.
The orc priest begins to cast a cantrip, but forgets the words!
You bump into the rock wall.
You feel less confused. The orc hits you but does no damage.
It was a potion of brilliance.
You feel clever all of a sudden.
The orc priest calls upon Beogh to heal the orc.
The orc's wounds heal themselves!
The orc hits you with a +0 hand axe.
* * * LOW HITPOINT WARNING * * *
The orc attacks as you move away! The orc hits you with a +0 hand axe.
You die...

........
..#
.#.#####
#.# ...#
#.# ...#
#.# ...#
#S# ...#
#o# ...#
#.# ....
#o#
..###
#@# ...
#.# #..
#.# #.#
#.# #.#
#.# #.#
#.# #.#
#.# #.#
#.# #.#


You could see an orc priest, an orc and a ball python.

Vanquished Creatures
  An orc wizard (D:2)
  A dart slug (D:1)
  2 bats (D:2)
  2 endoplasms
  4 goblins (D:2)
  4 hobgoblins
  2 quokkas
  A ball python (D:2)
  3 frilled lizards
  A rat (D:1)
21 creatures vanquished.

Vanquished Creatures (others)
  46 foxfires
46 creatures vanquished.

Grand Total: 67 creatures vanquished

Notes
Turn   | Place    | Note
-------+----------+-------------------------------------------
     0 | D:1      | funkygono the Gargoyle Fire Elementalist began the quest
                  | for the Orb.
     0 | D:1      | Reached XP level 1. HP: 10/10 MP: 3/3
   531 | D:1      | Reached XP level 2. HP: 15/15 MP: 0/5
   770 | D:1      | Found a faded altar of an unknown god.
  1209 | D:2      | Found a blossoming altar of Fedhas.
  1370 | D:2      | Reached XP level 3. HP: 19/19 MP: 4/6
  1373 | D:2      | Learned a level 2 spell: Scorch
  1377 | D:2      | Learned a level 3 spell: Kindle Blastsparks
  1541 | D:2      | Slain by an orc

Illustrated notes

Levels and vault maps discovered:
D:1:      dpeg_arrival_erosion, layout_loops_ring,
          ebering_ecumenical_altar_petrified, kennysheep_crisscross,
          minmay_fountain_box, chequers_serial_rivers_marsh
D:2:      layout_basic, basic_altar

Action                   || total
-------------------------++-------
Melee: Mace              ||    23
 Cast: Foxfire           ||    28
       Scorch            ||     3
  Use: Potion            ||     1
Armor: Robe              ||    12
Dodge: Dodged            ||    15

Table legend: (Time is in decaauts)
 A = Elapsed time spent in this place.
 B = Non-inter-level travel time spent in this place.
 C = Inter-level travel time spent in this place.
 D = Time resting spent in this place.
 E = Time spent auto-exploring this place.
 F = Levels seen in this place.
 G = Mean time per level.
                   A        B        C        D        E       F      G
               +--------+--------+--------+--------+--------+-----+--------+
         Total |   1554 |   1535 |     19 |      0 |   1304 |   2 |  777.0 |
       Dungeon |   1554 |   1535 |     19 |      0 |   1304 |   2 |  777.0 |
               +--------+--------+--------+--------+--------+-----+--------+

Top non-repeatable levels by time:
     D:1: 872 daAuts
     D:2: 682 daAuts
